 Dungeon Crawl Stone Soup version 0.20.1-1-g8b1a95d (webtiles) character file.

51 LeVisiteur the Chopper (level 3, -1/33 HPs)
             Began as a Draconian Chaos Knight on July 24, 2017.
             Slain by equalderp2856's ghost (3 damage)
             ... on level 3 of the Dungeon.
             The game lasted 00:10:21 (1669 turns).

LeVisiteur the Chopper (Draconian Chaos Knight)     Turns: 1669, Time: 00:10:22

Health: -1/33      AC:  5    Str: 15    XL:     3   Next: 58%
Magic:  3/3        EV: 12    Int: 12    God:    Xom [..*...]
Gold:   71         SH:  0    Dex: 10    Spells: 2/2 levels left

rFire    . . .     SeeInvis .   a - +0 hand axe (chaos)
rCold    . . .     Gourm    .   (no shield)
rNeg     . . .     Faith    .   (armour unavailable)
rPois    .         Spirit   .   (helmet restricted)
rElec    .         Reflect  .   (no cloak)
rCorr    .         Harm     .   (no gloves)
MR       .....     Rnd*Rage +   (no boots) Stlth +.........Rnd*Tele +
                                (no amulet)
Regen    0.2/turn               (no ring)
MPRegen  0.1/turn               (no ring)

@: no status effects
A: unfitting armour, berserk 1, screaming 1, teleportitis 1, cold-blooded,
subdued magic 1, AC +5
a: Renounce Religion


You were on level 3 of the Dungeon.
You worshipped Xom.
You were a toy of Xom.
You were very full.

You visited 1 branch of the dungeon, and saw 3 of its levels.

You collected 71 gold pieces.

Inventory:

Hand Weapons
 a - a +0 hand axe of chaos (weapon)
 g - a +2 dagger of venom
Missiles
 f - 62 stones (quivered)
Jewellery
 d - a cursed -2 ring of dexterity {unknown}
 e - a cursed ring of loudness {unknown}
Scrolls
 j - 2 scrolls of fear {unknown}
 k - 2 scrolls of random uselessness {unknown}
 m - a scroll of blinking {unknown}
 n - a scroll of identify {unknown}
Potions
 c - 2 potions of lignification {unknown}
 h - a potion of curing {unknown}
 i - a potion of invisibility {unknown}
 l - a potion of magic {unknown}
Comestibles
 b - 3 bread rations


   Skills:
 + Level 3.8 Fighting
 + Level 4.0 Axes
 + Level 2.4 Dodging
 + Level 0.2 Stealth


You had 2 spell levels left.
You didn't know any spells.

Dungeon Overview and Level Annotations

Branches:
Dungeon (3/15)

Altars:
Fedhas

Annotations:
D:3 equalderp2856's ghost, weakling SpFi


Innate Abilities, Weirdness & Mutations

Your plain brown scales are hard. (AC +5)
You cannot fit into any form of body armour.
You are cold-blooded and may be slowed by cold attacks.
You tend to lose your temper in combat.
You occasionally shout uncontrollably at your foes.
You are occasionally teleported next to monsters.
Your spells are a little easier to cast, but a little less powerful.


Message History

You closely miss something. Something hits you but does no damage.
You completely miss something. Something hits you but does no damage.
You closely miss something. Something hits you.
You hit something.
Nothing appears to happen.
Something hits you.
* * * LOW HITPOINT WARNING * * *
Something hits you.
* * * LOW HITPOINT WARNING * * *
Found a stone staircase leading up.
You start resting.
Something barely misses you.
You start resting.
Something completely misses you. Something hits you but does no damage.
Something hits you.
* * * LOW HITPOINT WARNING * * *
A bat comes into view.
The bat hits you but does no damage. Something hits you.
* * * LOW HITPOINT WARNING * * *
There is a stone staircase leading up here.
The bat hits you but does no damage. Something hits you.
You die... "Huh?
Did I miss anything?"

#.....#
#.....#
#.....#
##...##
##.## #.#
#.# #{#
#@#
#....b.#
..#..####
.... ###


You could see a bat.

Vanquished Creatures
  An ooze (D:2)
  A leopard gecko (D:2)
  A giant cockroach (D:1)
  3 hobgoblins
  6 jackals
  5 kobolds
  10 bats
  3 frilled lizards
  6 goblins
  9 rats
45 creatures vanquished.

Notes
Turn   | Place    | Note
-------+----------+-------------------------------------------
     0 | D:1      | LeVisiteur the Draconian Chaos Knight began the quest for the Orb.
     0 | D:1      | Reached XP level 1. HP: 19/19 MP: 1/1
   217 | D:1      | XOM: divination: magic mapping
   236 | D:1      | Reached XP level 2. HP: 26/26 MP: 2/2
   723 | D:2      | Reached XP level 3. HP: 19/33 MP: 3/3
  1055 | D:2      | XOM: harmless Necr miscast
  1129 | D:2      | Found a blossoming altar of Fedhas.
  1251 | D:2      | XOM: medium Tmut miscast
  1259 | D:2      | Gained mutation: You are occasionally teleported next to monsters. [mutagenic glow]
  1309 | D:2      | Gained mutation: You occasionally shout uncontrollably at your foes. [mutagenic glow]
  1348 | D:2      | Gained mutation: Your spells are a little easier to cast, but a little less powerful. [mutagenic glow]
  1399 | D:2      | Gained mutation: You tend to lose your temper in combat. [mutagenic glow]
  1567 | D:2      | Reached skill level 4 in Axes
  1636 | D:3      | Noticed equalderp2856's ghost (weakling SpFi)
  1669 | D:3      | Slain by equalderp2856's ghost

Skill      XL: |  1  2  3 |
---------------+----------+-----
Axes           | 4 |  4.0
Fighting       | |  3.8
Dodging        | |  2.4
Stealth        | |  0.2

Action                   || total
-------------------------++-------
Melee: Hand axe          ||   124
       Tailslap          ||     7
Throw: Stone             ||    31
 Stab: Paralysed         ||     1
  Eat: Bread ration      ||     2
Armor: Skin              ||    48
Dodge: Dodged            ||    71
